 Dungeon Crawl Stone Soup version 0.23.2 (webtiles) character file.

Game seed: 8611757958883332961

58 zhovat1 the Digger (level 4, -3/24 HPs)
             Began as a Gargoyle Earth Elementalist on Apr 9, 2019.
             Slain by a worm (6 damage)
             ... on level 2 of the Dungeon.
             The game lasted 00:02:13 (1875 turns).

zhovat1 the Digger (Gargoyle Earth Elementalist)    Turns: 1875, Time: 00:02:14

Health: -3/24      AC:  5    Str: 11    XL:     4   Next: 1%
Magic:  8/8        EV: 12    Int: 17    God:
Gold:   106        SH:  0    Dex: 10    Spells: 8/9 levels left

rFire    . . .     SeeInvis .   h - +2 mace (crush)
rCold    . . .     Gourm    .   (no shield)
rNeg     + . .     Faith    .   c - +0 robe
rPois    ∞         Spirit   .   (no helmet)
rElec    +         Reflect  .   (no cloak)
rCorr    .         Harm     .   (no gloves)
MR       .....                  (no boots)
Stlth    ++........             (no amulet)
HPRegen  0.08/turn              (no ring)
MPRegen  0.11/turn              (no ring)

@: no status effects
A: negative energy resistance 1, electricity resistance, unbreathing,
petrification resistance, rot immunity, AC +3
a: no special abilities


You were on level 2 of the Dungeon.
You were not hungry.

You visited 1 branch of the dungeon, and saw 2 of its levels.

You collected 106 gold pieces.

Inventory:

Hand Weapons
 h - a +2 mace of crushing (weapon)
Missiles
 b - 60 stones (quivered)
Armour
 c - a +0 robe (worn)
Scrolls
 a - 3 scrolls of identify {unknown}
 e - a scroll of teleportation {unknown}
 g - a scroll of magic mapping {unknown}
 i - a scroll of immolation {unknown}
Potions
 f - a potion of curing {unknown}
 j - a potion of brilliance {unknown}
 k - a potion of haste {unknown}
 m - a potion of magic {unknown}
Comestibles
 d - 4 rations


   Skills:
 - Level 1.5 Dodging
 - Level 2.1 Stealth
 + Level 3.1 Spellcasting
   Level 0.7 Transmutations
 + Level 4.8 Earth Magic


You had 8 spell levels left.
You knew the following spells:

 Your Spells              Type           Power        Failure   Level  Hunger
a - Sandblast             Erth           ###...       2%          1    None

Your spell library contained the following spells:

 Spells                   Type           Power        Failure   Level  Hunger
 Passwall                 Tmut/Erth      ##......     9%          2    ##.....
 Stone Arrow              Conj/Erth      ##....       19%         3    ###....
 Petrify                  Tmut/Erth      ##......     50%         4    ####...
 Lee's Rapid Deconstruct  Erth           ###.......   54%         5    ######.


Dungeon Overview and Level Annotations

Branches:
Dungeon (2/15)

Altars:


Innate Abilities, Weirdness & Mutations

You are resistant to torment.
Your stone body is resilient. (AC +3)
You are immune to poison.
You resist negative energy. (rN+)
You are resistant to electric shocks. (rElec)
You can survive without breathing.
You are immune to petrification.
You are immune to rotting.


Message History

The kobold throws a stone.
The stone misses you. The kobold closely misses you.
You miss the kobold. The kobold barely misses you.
You closely miss the kobold. The kobold hits you. The worm misses you.
You closely miss the kobold. The kobold closely misses you.
The kobold barely misses you. The worm bites you.
You closely miss the kobold. The kobold barely misses you. The worm bites you.
You hit the kobold.
You kill the kobold!
You see here a stone.
The worm barely misses you.
You see here a stone.
You barely miss the worm. The worm bites you!
You barely miss the worm. The worm bites you.
* * * LOW HITPOINT WARNING * * *
You hit the worm but do no damage. You hit the worm.
The worm is lightly wounded.
The worm bites you.
You die...

#.......# ##
#.......# #.
#.......# #.##
#.......# #...
#.......# #..#
#.......###.(####.#
##.......##.......#
#.#####.###w######
#. #.# #@# .. #.#
#.# ## #.# #.#
.##.##.###.#
#..........(#
#############


You could see a worm.

Vanquished Creatures
  2 adders (D:2)
  An ooze (D:1)
  A dart slug (D:2)
  A leopard gecko (D:2)
  2 bats
  A giant cockroach (D:1)
  5 goblins (D:1)
  2 hobgoblins
  4 jackals (D:1)
  A quokka (D:2)
  3 frilled lizards
  5 kobolds
  4 rats
32 creatures vanquished.

Notes
Turn   | Place    | Note
-------+----------+-------------------------------------------
     0 | D:1      | zhovat1 the Gargoyle Earth Elementalist began the quest for
                  | the Orb.
     0 | D:1      | Reached XP level 1. HP: 10/10 MP: 3/3
   346 | D:1      | Reached skill level 4 in Earth Magic
   346 | D:1      | Reached XP level 2. HP: 8/15 MP: 3/5
  1301 | D:1      | Reached XP level 3. HP: 14/19 MP: 6/6
  1837 | D:2      | Reached XP level 4. HP: 24/24 MP: 8/8
  1875 | D:2      | Slain by a worm

Skill      XL: |  1  2  3 |
---------------+----------+-----
Earth Magic    | 4 |  4.8
Spellcasting   | 3 |  3.1
Dodging        | |  1.5
Stealth        | |  2.1
Transmutations | |  0.7

Action                   |  1- 3 |  4- 6 || total
-------------------------+-------+-------++-------
Melee: Spear             |    31 |       ||    31
       Unarmed           |    11 |       ||    11
       Mace              |    57 |     9 ||    66
 Cast: Sandblast         |    10 |       ||    10
 Stab: Sleeping          |     1 |       ||     1
  Eat: Chunk             |     3 |       ||     3
Armor: Robe              |    42 |       ||    42
Dodge: Dodged            |    94 |     9 ||   103
